 Dungeon Crawl Stone Soup version 0.29.1-15-g9cfb28693d (webtiles) character file.

Game seed: 13366711838393761861

238 Cheops the Poker (level 6, 0/44 HPs)
             Began as a Merfolk Gladiator on Apr 3, 2023.
             Slain by an iguana (6 damage)
             ... on level 4 of the Dungeon.
             The game lasted 00:08:48 (3934 turns).

Cheops the Poker (Merfolk Gladiator)                Turns: 3934, Time: 00:08:48

Health: 0/44       AC: 11    Str: 16    XL:     6   Next: 7%
Magic:  6/6        EV:  7    Int:  8    God:
Gold:   176        SH:  5    Dex: 15    Spells: 5/5 levels left

rFire   . . .      SeeInvis .   a - +0 trident
rCold   . . .      Faith    .   t - +0 buckler
rNeg    . . .      Spirit   .   y - +0 chain mail
rPois   .          Reflect  .   u - +1 helmet
rElec   .          Harm     .   (no cloak)
rCorr   .          Rampage  .   k - +0 pair of gloves
Will    .....                   (no boots)
Stlth   ..........              (no amulet)
HPRegen 0.14/turn               (no ring)
MPRegen 0.10/turn               (no ring)

@: no status effects
A: (nimble swimmer 2), mertail
a: no special abilities


You were on level 4 of the Dungeon.
You visited 1 branch of the dungeon, and saw 4 of its levels.

You collected 176 gold pieces.

Inventory:

Hand Weapons
 a - a +0 trident (weapon)
Missiles
 d - 3 throwing nets (quivered)
 e - a javelin
Armour
 b - a +0 leather armour
 k - a +0 pair of gloves (worn)
 t - a +0 buckler (worn)
 u - a +1 helmet (worn)
 y - a +0 chain mail (worn)
Jewellery
 n - a ring of ice
Scrolls
 f - 2 scrolls of enchant weapon {unknown}
 g - 2 scrolls of blinking
 h - 2 scrolls of fear {unknown}
 i - a scroll of vulnerability {unknown}
 l - a scroll of amnesia {unknown}
 p - a scroll of poison {unknown}
 q - 2 scrolls of magic mapping {unknown}
 w - a scroll of noise {unknown}
 x - a scroll of brand weapon {unknown}
Potions
 c - a potion of haste
 o - 2 potions of curing {unknown}
 r - a potion of mutation
 s - a potion of lignification {unknown}
 v - a potion of magic {unknown}
 z - a potion of berserk rage {unknown}


   Skills:
 - Level 2.1 Fighting
 + Level 7.5 Polearms
 - Level 2.0 Throwing
 - Level 4.0 Dodging
 - Level 3.0 Shields


You had 5 spell levels left.
You didn't know any spells.
Your spell library contained the following spells:

 Spells                   Type           Power      Damage    Failure   Level
 Foxfire                  Conj/Fire      0%         2x1d4     100%        1
 Magic Dart               Conj           0%         1d3       100%        1
 Summon Small Mammal      Summ           0%         N/A       100%        1
 Call Imp                 Summ           0%         N/A       100%        2
 Call Canine Familiar     Summ           0%         N/A       100%        3
 Conjure Flame            Conj/Fire      0%         6-21      100%        3
 Inner Flame              Hex/Fire       0%         N/A       100%        3
 Mephitic Cloud           Conj/Pois/Air  0%         N/A       100%        3
 Summon Guardian Golem    Hex/Summ       0%         N/A       100%        3
 Flame Wave               Conj/Fire      0%         2d4       100%        4
 Summon Forest            Summ/Tloc      0%         N/A       100%        5
 Summon Mana Viper        Hex/Summ       0%         N/A       100%        5
 Summon Cactus Giant      Summ           0%         N/A       100%        6


Dungeon Overview and Level Annotations

Branches:
Dungeon (4/15)
 Temple: D:4-7

Altars:

Annotations:
D:4 2 runed translucent doors


Innate Abilities, Weirdness & Mutations

((You are very nimble when in or above water. (Stealth+, EV+, Speed+++)))
Your lower body shifts to a powerful aquatic tail in water.


Message History

You puncture the kobold!
You kill the kobold!
An iguana comes into view.
You hit the iguana.
The iguana is moderately wounded.
The iguana barely misses you.
You closely miss the iguana.
The iguana is moderately wounded.
The iguana bites you but does no damage.
You barely miss the iguana.
The iguana is moderately wounded.
The iguana bites you!
You hit the iguana but do no damage.
The iguana is moderately wounded.
The iguana bites you.
* * * LOW HITPOINT WARNING * * *
You hit the iguana but do no damage.
The iguana is moderately wounded.
The iguana bites you but does no damage.
You puncture the iguana!
The iguana is severely wounded.
The iguana closely misses you.
You barely miss the iguana.
The iguana is severely wounded.
The iguana closely misses you. You block the iguana's attack.
You hit the iguana but do no damage.
The iguana is severely wounded.
The iguana bites you.
* * * LOW HITPOINT WARNING * * *
The iguana bites you!
* * * LOW HITPOINT WARNING * * *
You hit the iguana.
The iguana is severely wounded.
The iguana closely misses you. x2
You hit the iguana but do no damage.
The iguana is severely wounded.
The iguana bites you.
* * * LOW HITPOINT WARNING * * *
The iguana bites you.
You die...

######.#......# #.#
#......#......##...
#.....##......#....
#.....##...........
#.................>
#.....#.............
########...<..#.....
###.####.....
#.l@l...... ###
#####...... $##..
..... ..... ....
###.. ..# #.. ## #..
###


You could see 2 iguanas.

Vanquished Creatures
  A scorpion (D:3)
  2 hounds (D:4)
  A gnoll (D:4)
  4 adders
  A worm (D:2)
  A dart slug (D:1)
  3 orcs (D:3)
  7 endoplasms
  3 giant cockroaches
  8 goblins
  6 hobgoblins
  2 jackals (D:1)
  8 kobolds
  6 quokkas
  5 ball pythons
  4 bats
  4 frilled lizards
  2 rats
68 creatures vanquished.

Notes
Turn   | Place    | Note
-------+----------+-------------------------------------------
     0 | D:1      | Cheops the Merfolk Gladiator began the quest for the Orb.
     0 | D:1      | Reached XP level 1. HP: 16/16 MP: 1/1
    48 | D:1      | Reached XP level 2. HP: 18/22 MP: 2/2
   129 | D:1      | Reached skill level 5 in Polearms
   507 | D:1      | Reached XP level 3. HP: 23/27 MP: 3/3
  1076 | D:2      | Reached skill level 6 in Polearms
  1467 | D:2      | Found a faded altar of an unknown god.
  1777 | D:2      | Reached XP level 4. HP: 29/33 MP: 4/4
  2029 | D:2      | You fall into a shaft and drop 2 floors!
  2067 | D:3      | Noticed a scorpion
  3146 | D:3      | Killed a scorpion
  3147 | D:3      | Reached skill level 7 in Polearms
  3147 | D:3      | Reached XP level 5. HP: 19/38 MP: 5/5
  3546 | D:4      | Found a large runed translucent door.
  3547 | D:4      | Found a large runed translucent door.
  3548 | D:4      | Noticed a wyvern
  3919 | D:4      | Reached XP level 6. HP: 31/44 MP: 6/6
  3934 | D:4      | Slain by an iguana

Illustrated notes

Levels and vault maps discovered:
D:1:      erik_arrival_blinker_ship, layout_basic
D:2:      layout_basic, basic_ecumenical_altar, chequers_serial_rivers_marsh,
          minmay_domino_2
D:3:      layout_basic, hangedman_decor_growths
D:4:      layout_rooms, mainiacjoe_overflow_chevrons,
          minmay_hollow_rounded_squares, uniq_blork_the_orc, uniq_sigmund

Skill      XL: |  1  2  3  4  5 |
---------------+----------------+-----
Polearms       | 5 6 7 |  7.5
Shields        | 2 3 |  3.0
Fighting       | |  2.1
Throwing       | |  2.0
Dodging        | |  4.0

Action                   |  1- 3 |  4- 6 || total
-------------------------+-------+-------++-------
Melee: Trident           |    99 |   130 ||   229
       Punch             |     1 |       ||     1
  Use: Scroll            |       |     4 ||     4
 Stab: Sleeping          |       |     3 ||     3
Armor: Leather armour    |    28 |    15 ||    43
       Chain mail        |       |    30 ||    30
Dodge: Dodged            |    65 |    75 ||   140
Block: Buckler           |       |    13 ||    13
